AoeStats
← 旺旺

Arena

510768109Analyzed
2v2 RM · 1d ago on Oct 2, 2026· 39m 18s· 4 players
Game mode
Random Map
Map size
Medium (4 player)
Population
200
Speed
Normal
Resources
Standard
Victory
Conquest
Starting age
Dark Age
Ending age
Imperial Age
RankedLock teamsTeams togetherTeam positionsShared explorationLock speedFull tech treeHidden civsTurbo modeCheats
Victory
Defeat
🇺🇸 Varangians · United States
955
+15
🇬🇧 Dravidians · United Kingdom
948
+15
🇳🇱 Romans · Netherlands
955
-17
🇭🇰 Persians · Hong Kong SAR China
891
-13
paceylemon
6:33 Loom
12:15 Feudal Age
13:24 Double-Bit Axe
17:42 Castle Age
15:29 Horse Collar
18:53 Bow Saw
18:45 Heavy Plow
26:23 Wheelbarrow
25:34 Town Watch
25:14 Man-at-Arms
26:31 Long Swordsman
27:13 Scale Mail Armor
27:23 Forging
27:16 Squires
30:52 Imperial Age
28:30 Gambesons
29:04 Chain Mail Armor
30:57 Iron Casting
30:13 Fletching
30:50 Hand Cart
31:54 Wootz Steel
30:57 Two-Handed Swordsman
32:10 Plate Mail Armor
32:07 Conscription
31:46 Champion
34:37 Blast Furnace
33:16 Pikeman
34:48 Halberdier
13thspear
10:35 Feudal Age
11:21 Double-Bit Axe
12:25 Wheelbarrow
11:36 Horse Collar
14:15 Gold Mining
16:12 Town Watch
19:37 Castle Age
18:14 Stone Mining
19:16 Bloodlines
20:36 Bow Saw
20:30 Heavy Plow
21:02 Fervor
21:28 Squires
24:33 Forging
25:24 Scale Barding Armor
26:10 Husbandry
27:43 Chain Barding Armor
28:33 Stone Shaft Mining
28:32 Hand Cart
29:14 Arson
29:41 Town Patrol
29:27 Loom
30:32 Iron Casting
35:09 Imperial Age
33:33 Fletching
33:45 Scale Mail Armor
36:19 Conscription
36:57 Crop Rotation
37:42 Two-Man Saw
38:34 Elite Jarl
lacheisleuk
3:00 Loom
12:49 Feudal Age
15:27 Wheelbarrow
14:41 Double-Bit Axe
17:37 Castle Age
17:56 Castle Age
18:16 Bloodlines
18:33 Scale Barding Armor
18:19 Man-at-Arms
20:10 Town Watch
20:30 Pikeman
21:54 Squires
21:55 Fletching
24:33 Light Cavalry
26:22 Padded Archer Armor
27:57 Husbandry
28:38 Leather Archer Armor
30:14 Bodkin Arrow
30:21 Scale Mail Armor
32:06 Forging
32:12 Chain Mail Armor
32:09 Horse Collar
32:40 Gold Mining
32:41 Stone Mining
33:34 Murder Holes
33:50 Masonry
34:01 Ballistics
35:39 Hand Cart
36:08 Heavy Plow
旺旺
9:53 Feudal Age
10:24 Double-Bit Axe
18:09 Castle Age
16:09 Stone Mining
17:02 Gold Mining
18:07 Horse Collar
18:51 Bow Saw
21:01 Heavy Plow
26:18 Imperial Age
26:35 Gold Shaft Mining
26:40 Wheelbarrow
29:43 Scale Mail Armor
30:02 Arson
30:17 Squires
31:10 Chain Mail Armor
31:06 Forging
32:14 Scale Barding Armor
32:40 Plate Mail Armor
33:45 Husbandry
34:47 Crop Rotation
35:22 Two-Man Saw
34:47 Bloodlines
34:01 Pikeman
36:57 Hand Cart
36:37 Halberdier
Connection lost

Rejoining the realm…

Still unreachable

The connection could not be restored.

Session expired

The server has moved on; the page needs a fresh start.